 Dungeon Crawl Stone Soup version 0.30-b1-2-g02819fbbbe (webtiles) character file.

Game seed: 12132842729010806469

15810 MisterFreud the Arsonist (level 12, -12/92 HPs)
             Began as a Gnoll Wanderer on Sept 18, 2023.
             Was a High Priest of Vehumet.
             Engulfed by a cloud of freezing vapour (24 damage)
             ... on level 12 of the Dungeon.
             The game lasted 00:36:36 (13436 turns).

MisterFreud the Arsonist (Gnoll Wanderer)          Turns: 13436, Time: 00:36:36

Health: -12/92     AC:  7    Str:  7    XL:     12   Next: 30%
Magic:  34/34      EV: 19    Int: 24    God:    Vehumet [*****.]
Gold:   709        SH:  0    Dex: 11    Spells: 17/29 levels left

rFire   + . .        e - +3 dagger (venom)
rCold   . . .        (no shield)
rNeg    . . .        d - +1 robe
rPois   .            l - +2 helmet
rElec   .            (no cloak)
rCorr   .            (no gloves)
SInv    .            (no boots)
Will    .....        E - amulet of magic regeneration
Stlth   +++          m - +5 ring of evasion
HPRegen 0.35/turn    t - ring of Lugonu's Envy {rF+ MP+9 Dex+2 Slay+4}
MPRegen 0.64/turn

%: no passive effects
@: no status effects
A: fangs 1, strong nose, distributed training
a: Renounce Religion


You were on level 12 of the Dungeon.
You worshipped Vehumet.
Vehumet was extremely pleased with you.
You visited 1 branch of the dungeon, and saw 12 of its levels.

You collected 709 gold pieces.

Inventory:

Hand Weapons
 a - a +0 dagger of flaming
 e - a +3 dagger of venom (weapon)
 C - the +10 dark maul {heavy}
   (You found it on level 8 of the Dungeon)
 K - the +9 sling "Zaimitig" {speed, rC- rN+ rCorr}
   (You took it off a vampire on level 10 of the Dungeon)

   rC:        It makes you vulnerable to cold.
   rN:        It protects you from negative energy.
   rCorr:     It protects you from acid and corrosion.
Missiles
 b - 44 poisoned darts (quivered)
 n - 2 curare-tipped darts
 x - 2 throwing nets
Armour
 d - a +1 robe (worn)
 l - a +2 helmet (worn)
Jewellery
 g - an amulet of guardian spirit
 m - a +5 ring of evasion (left hand)
 t - the ring of Lugonu's Envy (right hand) {rF+ MP+9 Dex+2 Slay+4}
   (You found it on level 6 of the Dungeon)

   [ring of slaying]

   Dex:       It affects your dexterity (+2).
   Slay:      It affects your accuracy & damage with ranged weapons and melee
   (+4).
   rF:        It protects you from fire.
   MP:        It affects your magic capacity (+9).
 E - an amulet of magic regeneration (around neck)
 G - a ring of fire
 J - a ring of ice
Wands
 i - a wand of mindburst (17)
 p - a wand of polymorph (1)
 r - a wand of paralysis (8)
 y - a wand of flame (7)
 I - a wand of light (4)
Scrolls
 k - 2 scrolls of amnesia
 o - 2 scrolls of fear
 s - 3 scrolls of enchant weapon
 w - a scroll of blinking
 A - 3 scrolls of teleportation
Potions
 c - a potion of mutation {unknown}
 f - 3 potions of curing
 h - 2 potions of flight
 j - a potion of ambrosia
 q - a potion of degeneration {unknown}
 u - 2 potions of resistance
 v - 2 potions of brilliance
 z - a potion of invisibility {unknown}
 B - 2 potions of attraction
 D - 2 potions of lignification
 F - 2 potions of might {unknown}
 H - 2 potions of haste


   Skills:
 + Level 7.9 Fighting
 + Level 7.4 Short Blades
 + Level 7.4 Long Blades
 + Level 7.4 Axes
 + Level 7.4 Maces & Flails
 + Level 7.4 Polearms
 + Level 7.4 Staves
 + Level 7.4 Ranged Weapons
 + Level 7.9 Throwing
 + Level 7.4 Armour
 + Level 7.4 Dodging
 + Level 7.4 Stealth
 + Level 7.4 Shields
 + Level 7.4 Unarmed Combat
 + Level 9.0 Spellcasting
 + Level 6.1 Conjurations
 + Level 6.1 Hexes
 + Level 6.1 Summonings
 + Level 6.1 Necromancy
 + Level 6.1 Translocations
 + Level 6.1 Transmutations
 + Level 9.5 Fire Magic
 + Level 6.1 Ice Magic
 + Level 7.3 Air Magic
 + Level 6.1 Earth Magic
 + Level 6.1 Poison Magic
 + Level 8.1 Invocations
 + Level 7.4 Evocations


You had 17 spell levels left.
You knew the following spells:

 Your Spells              Type           Power      Damage    Failure   Level
a - Foxfire               Conj/Fire      100%       2x1d9     1%          1
b - Scorch                Fire           100%       2d9       1%          2
c - Tukima's Dance        Hex            40%        N/A       1%          3
d - Volatile Blastmotes   Fire/Tloc      96%        2d18      1%          3
e - Dazzling Flash        Conj/Hex       80%        N/A       1%          3

Your spell library contained the following spells:

 Spells                   Type           Power      Damage    Failure   Level
 Iron Shot                Conj/Erth      20%        9d5       17%         6
 Magic Dart               Conj           100%       1d8       1%          1
 Sandblast                Erth           80%        2d17      1%          1
 Passwall                 Tmut/Erth      33%        N/A       1%          2
 Poisonous Vapours        Pois/Air       86%        N/A       1%          2
 Searing Ray              Conj           80%        2d7       1%          2
 Static Discharge         Conj/Air       86%        2-6/arc   1%          2
 Gell's Gravitas          Tloc           40%        N/A       1%          3
 Portal Projectile        Hex/Tloc       80%        N/A       1%          3
 Stone Arrow              Conj/Erth      80%        3d12      1%          3
 Teleport Other           Tloc           40%        N/A       1%          3
 Flame Wave               Conj/Fire      48%        2d12      1%          4
 Fulminant Prism          Conj/Hex       20%        3d12      1%          4
 Iskenderun's Mystic Bla  Conj/Tloc      40%        2d9       1%          4
 Starburst                Conj/Fire      24%        6d8       10%         6
 Blade Hands              Tmut           20%        N/A       13%         5
 Dispersal                Tloc           20%        N/A       56%         6
 Summon Cactus Giant      Summ           20%        N/A       56%         6


Dungeon Overview and Level Annotations

Branches:
Dungeon (12/15)            Temple (0/1) D:7            Lair (0/5) D:11
    Orc (0/2) D:11

Altars:
Cheibriados
Elyvilon
Qazlal
Sif Muna
Trog
Uskayaw
Vehumet
The Shining One

Shops:
D:1 [   D:9 (

Portals:
Bazaar: D:12

Annotations:
D:6 exclusion: statue
D:10 exclusion: orange crystal statue


Innate Abilities, Weirdness & Mutations

You have very sharp teeth.
Your uncanny sense of smell can sniff out nearby items.
Your experience applies equally to all skills.


Message History

Flames lash the manticore.
The manticore is burned terribly!
The manticore is almost dead.
The manticore bites you! The manticore closely misses you.
The manticore claws you!
Unknown command.
Casting: Scorch (safe; 1% risk of failure)
Confirm with . or Enter, or press ? or * to list all spells.
Flames lash the manticore.
The manticore is burned terribly!
You kill the manticore!
Vehumet accepts your kill.
You feel your power returning.
Unknown command.
Found a wand of flame (8).
i - a wand of mindburst (17) (gained 10 charges)
Found 13 gold pieces.
Found a flickering gateway to a bazaar.
Found a stone staircase leading down.
Really walk into a travel-excluded area? [Y]es or [N]o only, please.
Really walk into a travel-excluded area? [Y]es or [N]o only, please.
Really walk into a travel-excluded area? [Y]es or [N]o only, please.
Really walk into a travel-excluded area?
Okay, then.
Really walk into a travel-excluded area?
There is a stone staircase leading down here.
Really walk into that cloud of freezing vapour? [Y]es or [N]o only, please.
Really walk into that cloud of freezing vapour?
You are engulfed in freezing vapours.
You enter the shallow water.
Moving in this stuff is going to be slow.
You hear the stately tolling of a bell.
You are engulfed in freezing vapours.
You are engulfed in freezing vapours.
* * * LOW HITPOINT WARNING * * *
There is a flickering gateway to a bazaar here.
You are engulfed in freezing vapours.
You die...

##########.##.# .##.#..#......##
.#.........##..##
....###.....##..##
..#.#....#$..##>.### #..#
.##......#....##°..###...###
...#..........°○°###.......##
.#.#.........°°~○°<°○.......#
..............°~@°○.○○......#
............##°○°○##........
....†.........°.○.°........##
#.............##.°..........##
#............. #.............####
..[........... ..............#.##
............/. #......†..........
.........................e.......
.....#...........................


There were no monsters in sight!

Vanquished Creatures
  Gastronok (D:9)
  2 two-headed ogres (D:8)
  Pikel (D:3)
  An orc knight (D:8)
  A deep elf pyromancer (D:12)
  A cyclops (D:8)
  2 manticores
  Psyche (D:10)
  2 kobold demonologists (D:10)
  7 trolls
  A shadow (D:12)
  A vampire (D:10)
  4 wraiths
  4 wyverns (D:9)
  6 yaks (D:12)
  A human (D:10)
  7 vampire mosquitoes (D:11)
  3 steam dragons
  Edmund (D:4)
  5 wargs
  An acid dragon (D:10)
  2 orc warriors (D:8)
  3 black bears
  A sky beast (D:7)
  10 centaurs
  2 ogres
  2 phantoms
  3 kobold brigands
  2 bullfrogs
  A gnoll sergeant (D:8)
  3 scorpions
  5 killer bees
  4 howler monkeys
  2 hounds
  3 jellies
  7 orc priests
  A sleepcap (D:6)
  Ijyb (D:4)
  13 orc wizards
  Natasha (thrice) (D:3)
  10 gnolls
  10 adders
  A white imp (D:7)
  A worm (D:2)
  A dart slug (D:5)
  41 orcs
  6 ball pythons
  8 endoplasms
  4 giant cockroaches
  13 goblins
  7 hobgoblins
  9 jackals
  30 kobolds
  3 quokkas
  5 bats
  9 frilled lizards
  4 rats
283 creatures vanquished.

Vanquished Creatures (collateral kills)
  A two-headed ogre (D:8)
  An orc warrior (D:10)
  An ogre (D:6)
  An orc (D:10)
4 creatures vanquished.

Vanquished Creatures (others)
  4 dancing weapons
  An orc wizard (D:10)
  467 foxfires
  9 plants (D:3)
481 creatures vanquished.

Grand Total: 768 creatures vanquished

Notes
Turn   | Place    | Note
-------+----------+-------------------------------------------
     0 | D:1      | MisterFreud the Gnoll Wanderer began the quest for the Orb.
     0 | D:1      | MisterFreud set off with the following items: a +0 dagger,
                  | 11 poisoned darts, a scroll of blinking, a +0 robe; and the
                  | following spell memorised: Foxfire; and the following
                  | spells available to memorise: Scorch, Poisonous Vapours,
                  | Static Discharge, Flame Wave.
     0 | D:1      | Reached XP level 1. HP: 17/17 MP: 6/6
    70 | D:1      | Found Laachesa's Armour Shop.
    82 | D:1      | Reached XP level 2. HP: 23/23 MP: 4/7
   334 | D:1      | Reached skill level 5 in Spellcasting
   334 | D:1      | Reached XP level 3. HP: 25/28 MP: 5/9
   593 | D:1      | Reached skill level 1 in Invocations
   843 | D:1      | Learned a level 2 spell: Scorch
   869 | D:2      | Reached skill level 1 in Short Blades
   869 | D:2      | Reached skill level 1 in Long Blades
   869 | D:2      | Reached skill level 1 in Axes
   869 | D:2      | Reached skill level 1 in Maces & Flails
   869 | D:2      | Reached skill level 1 in Polearms
   869 | D:2      | Reached skill level 1 in Staves
   869 | D:2      | Reached skill level 1 in Ranged Weapons
   869 | D:2      | Reached skill level 1 in Armour
   869 | D:2      | Reached skill level 1 in Dodging
   869 | D:2      | Reached skill level 1 in Stealth
   869 | D:2      | Reached skill level 1 in Shields
   869 | D:2      | Reached skill level 1 in Unarmed Combat
   869 | D:2      | Reached skill level 1 in Evocations
   907 | D:2      | Reached XP level 4. HP: 34/34 MP: 7/11
  1271 | D:2      | Found a faded altar of an unknown god.
  1404 | D:2      | Prayed at the altar of an unknown god.
  1404 | D:2      | Became a worshipper of Vehumet
  1404 | D:2      | Reached * piety under Vehumet
  1404 | D:2      | Offered knowledge of Shock by Vehumet.
  1639 | D:2      | Reached skill level 1 in Conjurations
  1639 | D:2      | Reached skill level 1 in Hexes
  1639 | D:2      | Reached skill level 1 in Summonings
  1639 | D:2      | Reached skill level 1 in Necromancy
  1639 | D:2      | Reached skill level 1 in Translocations
  1639 | D:2      | Reached skill level 1 in Transmutations
  1639 | D:2      | Reached skill level 1 in Ice Magic
  1639 | D:2      | Reached skill level 1 in Earth Magic
  1639 | D:2      | Reached skill level 1 in Poison Magic
  2150 | D:3      | Reached XP level 5. HP: 38/40 MP: 10/12
  2189 | D:3      | Offered knowledge of Freeze by Vehumet.
  2194 | D:3      | Reached ** piety under Vehumet
  2407 | D:3      | Noticed Natasha
  2410 | D:3      | Killed Natasha
  2411 | D:3      | Reached XP level 6. HP: 47/47 MP: 10/13
  2536 | D:3      | Noticed Natasha
  2555 | D:3      | Killed Natasha
  2640 | D:3      | Noticed Natasha
  2652 | D:3      | Killed Natasha
  2931 | D:4      | Noticed Pikel
  3133 | D:4      | Noticed a black bear
  3145 | D:4      | Killed a black bear
  3146 | D:4      | Reached XP level 7. HP: 47/52 MP: 6/15
  3233 | D:3      | Killed Pikel
  3234 | D:3      | Reached XP level 8. HP: 31/60 MP: 4/17
  3335 | D:3      | Learned a level 3 spell: Tukima's Dance
  3442 | D:4      | Noticed Edmund
  3535 | D:4      | Offered knowledge of Volatile Blastmotes by Vehumet.
  3541 | D:4      | Learned a level 3 spell: Volatile Blastmotes
  3654 | D:4      | Noticed Ijyb
  3739 | D:4      | Killed Ijyb
  4050 | D:4      | Killed Edmund
  4324 | D:5      | Entered Level 5 of the Dungeon
  4644 | D:5      | Reached *** piety under Vehumet
  4758 | D:5      | Found a hide-covered altar of Uskayaw.
  4760 | D:5      | Found a stormy altar of Qazlal.
  4762 | D:5      | Found a snail-covered altar of Cheibriados.
  4762 | D:5      | Found a shimmering blue altar of Sif Muna.
  4783 | D:5      | Reached skill level 5 in Air Magic
  4900 | D:5      | Reached XP level 9. HP: 66/66 MP: 18/18
  5192 | D:6      | Identified the ring of Lugonu's Envy {rF+ MP+9 Dex+2
                  | Slay+4}
  5277 | D:6      | Offered knowledge of Stone Arrow by Vehumet.
  5366 | D:6      | Found a radiant altar of Vehumet.
  5734 | D:7      | Reached skill level 5 in Fighting
  5734 | D:7      | Reached skill level 5 in Throwing
  5793 | D:7      | Found a staircase to the Ecumenical Temple.
  6023 | D:7      | Found a glowing golden altar of the Shining One.
  6165 | D:7      | Reached skill level 5 in Invocations
  6399 | D:8      | Found a bloodstained altar of Trog.
  6454 | D:8      | Noticed a two-headed ogre
  6467 | D:8      | Killed a two-headed ogre
  6468 | D:8      | Reached skill level 5 in Short Blades
  6468 | D:8      | Reached skill level 5 in Long Blades
  6468 | D:8      | Reached skill level 5 in Axes
  6468 | D:8      | Reached skill level 5 in Maces & Flails
  6468 | D:8      | Reached skill level 5 in Polearms
  6468 | D:8      | Reached skill level 5 in Staves
  6468 | D:8      | Reached skill level 5 in Ranged Weapons
  6468 | D:8      | Reached skill level 5 in Armour
  6468 | D:8      | Reached skill level 5 in Dodging
  6468 | D:8      | Reached skill level 5 in Stealth
  6468 | D:8      | Reached skill level 5 in Shields
  6468 | D:8      | Reached skill level 5 in Unarmed Combat
  6468 | D:8      | Reached skill level 5 in Evocations
  6468 | D:8      | Reached XP level 10. HP: 70/76 MP: 20/20
  6514 | D:8      | Reached **** piety under Vehumet
  6663 | D:8      | Offered knowledge of Ignite Poison by Vehumet.
  7195 | D:8      | Noticed a two-headed ogre
  7204 | D:8      | Killed a two-headed ogre
  7386 | D:8      | Noticed an orc knight
  7390 | D:8      | Noticed a two-headed ogre
  7401 | D:8      | Noticed a cyclops
  7437 | D:8      | Killed an orc knight
  7629 | D:8      | Killed a two-headed ogre
  7710 | D:8      | Killed a cyclops
  8123 | D:9      | Noticed Gastronok
  8136 | D:9      | HP: 1/77 [Gastronok (25)]
  8275 | D:8      | Learned a level 3 spell: Dazzling Flash
  8371 | D:9      | Reached skill level 5 in Conjurations
  8371 | D:9      | Reached skill level 5 in Hexes
  8371 | D:9      | Reached skill level 5 in Summonings
  8371 | D:9      | Reached skill level 5 in Necromancy
  8371 | D:9      | Reached skill level 5 in Translocations
  8371 | D:9      | Reached skill level 5 in Transmutations
  8371 | D:9      | Reached skill level 5 in Ice Magic
  8371 | D:9      | Reached skill level 5 in Earth Magic
  8371 | D:9      | Reached skill level 5 in Poison Magic
  8371 | D:9      | Reached XP level 11. HP: 83/83 MP: 22/22
  9047 | D:9      | Found Eqotuwas's Antique Weapon Emporium.
  9144 | D:9      | Killed Gastronok
  9452 | D:10     | Entered Level 10 of the Dungeon
  9521 | D:10     | Found a white marble altar of Elyvilon.
  9725 | D:10     | Noticed an orange crystal statue
  9726 | D:10     | Noticed Psyche
  9750 | D:10     | Killed Psyche
 10618 | D:10     | Identified the +9 sling "Zaimitig" {speed, rC- rN+ rCorr}
 11244 | D:11     | Reached ***** piety under Vehumet
 11512 | D:11     | Found a staircase to the Orcish Mines.
 11618 | D:11     | Offered knowledge of Iron Shot by Vehumet.
 11921 | D:11     | Noticed a manticore
 11945 | D:11     | Killed a manticore
 12117 | D:11     | Identified the +0 ring mail "Mookof" {+Blink rPois rC-}
 12676 | D:11     | Found a staircase to the Lair.
 12768 | D:11     | Reached XP level 12. HP: 83/91 MP: 24/24
 13424 | D:12     | Found a flickering gateway to a bazaar.
 13436 | D:12     | Engulfed by a cloud of freezing vapour

Illustrated notes

Levels and vault maps discovered:
D:1:      dpeg_arrival_fog, layout_rooms, serial_shops,
          nicolae_shop_hallway_plus
D:2:      layout_loops_corners, shapermc_ecumenical_altar_venn
D:3:      layout_basic, minmay_lizard_king, uniq_natasha
D:4:      layout_cave_pools, uniq_edmund, uniq_ijyb, uniq_pikel
D:5:      layout_loops_ring, grunt_temple_overflow_open
D:6:      layout_rooms, vehumet_statue
D:7:      layout_cave_pools, mainiacjoe_overflow_chevrons, temple_statues
D:8:      layout_loops_ring, lemuel_doored_altar, chequers_arboretum,
          hellmonk_guarded_unrand_dark_maul
D:9:      layout_irregular_city, serial_column_ruins, column_ruins_hut,
          column_ruins_circle_small, column_ruins_grid_1,
          column_ruins_corridor_T, column_ruins_open_small,
          column_ruins_open_small, column_ruins_columns_dead_end,
          column_ruins_columns_straight, serial_shops,
          nicolae_shop_back_alley_shop, uniq_gastronok
D:10:     layout_loops_corners, elyvilon_altar_1, serial_rivers,
          chequers_serial_rivers_small_b, chequers_serial_rivers_micro_d,
          chequers_serial_rivers_micro_b, chequers_serial_rivers_marsh,
          minmay_variable_closet, minmay_protected_statue, uniq_psyche
D:11:     layout_irregular_city, erik_lair_orcish_takeover, erik_orc_4,
          hangedman_decor_growths, minmay_puff
D:12:     layout_cave_pools, serial_shops, freezing_bzr, serial_column_ruins,
          column_ruins_hut_pillars, column_ruins_hut,
          column_ruins_corridor_corner, column_ruins_open_medium,
          column_ruins_columns_dead_end, column_ruins_grid_1,
          column_ruins_columns_plus

Skill      XL: |  1  2  3  4  5  6  7  8  9 10 11 12 |
---------------+-------------------------------------+-----
Spellcasting   | 5 6 7 8 9 |  9.0
Invocations    | 1 2 3 4 5 6 7 8 |  8.1
Short Blades   | 1 2 3 5 6 7 |  7.4
Long Blades    | 1 2 3 5 6 7 |  7.4
Axes           | 1 2 3 5 6 7 |  7.4
Maces & Flails | 1 2 3 5 6 7 |  7.4
Polearms       | 1 2 3 5 6 7 |  7.4
Staves         | 1 2 3 5 6 7 |  7.4
Ranged Weapons | 1 2 3 5 6 7 |  7.4
Armour         | 1 2 3 5 6 7 |  7.4
Dodging        | 1 2 3 5 6 7 |  7.4
Stealth        | 1 2 3 5 6 7 |  7.4
Shields        | 1 2 3 5 6 7 |  7.4
Unarmed Combat | 1 2 3 5 6 7 |  7.4
Evocations     | 1 2 3 5 6 7 |  7.4
Conjurations   | 1 2 3 4 5 6 |  6.1
Hexes          | 1 2 3 4 5 6 |  6.1
Summonings     | 1 2 3 4 5 6 |  6.1
Necromancy     | 1 2 3 4 5 6 |  6.1
Translocations | 1 2 3 4 5 6 |  6.1
Transmutations | 1 2 3 4 5 6 |  6.1
Ice Magic      | 1 2 3 4 5 6 |  6.1
Earth Magic    | 1 2 3 4 5 6 |  6.1
Poison Magic   | 1 2 3 4 5 6 |  6.1
Fighting       | 3 4 5 6 7 |  7.9
Throwing       | 3 4 5 6 7 |  7.9
Air Magic      | 4 5 6 7 |  7.3
Fire Magic     | 8 9 |  9.5

Action                     |  1- 3 |  4- 6 |  7- 9 | 10-12 || total
---------------------------+-------+-------+-------+-------++-------
  Melee: Dagger            |     4 |    80 |   131 |   264 ||   479
         Bite              |       |     8 |    15 |    41 ||    64
         Punch             |       |     1 |     1 |     9 ||    11
  Throw: Dart              |       |       |       |     1 ||     1
   Cast: Foxfire           |    40 |    72 |   103 |    74 ||   289
         Scorch            |     1 |    11 |    12 |   179 ||   203
         Volatile Blastmot |       |       |     5 |    11 ||    16
         Tukima's Dance    |       |       |     6 |    24 ||    30
  Evoke: Wand              |       |       |       |     7 ||     7
    Use: Scroll            |     2 |     4 |     5 |    12 ||    23
         Potion            |       |       |     1 |     5 ||     6
 Armour: Robe              |     3 |    26 |    19 |    67 ||   115
  Dodge: Dodged            |     5 |    74 |    84 |   360 ||   523
